 Dungeon Crawl Stone Soup version 0.30-a0-802-gb92711bcdf (webtiles) character file.

Game seed: 4670366512524559118

2717326 freelancePsychic the Rapturous (level 26, 152/152 HPs)
             Began as a Vine Stalker Cinder Acolyte on Feb 23, 2023.
             Was a Follower of Uskayaw.
             Escaped with the Orb
             ... and 4 runes!
             The game lasted 02:13:38 (53130 turns).

freelancePsychic the Rapturous (VSCA)              Turns: 53130, Time: 02:13:39

Health: 152/152    AC: 28    Str: 20    XL:     26   Next: 42%
Magic:  38/38      EV: 24    Int: 16    God:    Uskayaw [*.....]
Gold:   2204       SH: 16    Dex: 17    Spells: 28/30 levels left

rFire   + + +      SeeInvis .    b - +3 Elemental Staff {rElec rF++ rC++ AC+5}
rCold   + + +      Faith    +    a - +2 shield of Resistance {rF++ rC++ Will++}
rNeg    . . .      Spirit   +    p - quicksilver dragon scales
rPois   +          Reflect  .    E - +2 hood of the Assassin {Detect Stab+ Stlth++}
rElec   +          Harm     .    f - +2 cloak {rCorr}
rCorr   +          Rampage  +    A - +0 pair of gloves
Will    +++++                    C - +2 pair of boots {rampage}
Stlth   +++                      L - amulet of faith
HPRegen 1.25/turn                J - +4 ring of slaying
MPRegen 0.26/turn                H - +5 ring of evasion

@: no status effects
A: fangs 3, regeneration 1, magic shield, antimagic bite, no potion heal 2,
poison resistance, noise suppression
0: Orb of Zot
}: 4/15 runes: barnacled, silver, abyssal, gossamer
a: Renounce Religion, Stomp


You escaped.
You worshipped Uskayaw.
Uskayaw was greatly pleased with you.
You visited 10 branches of the dungeon, and saw 48 of its levels.
You visited the Abyss 1 time.
You also visited: Ice Cave, Volcano and Wizlab.

You collected 6463 gold pieces.
You spent 4259 gold pieces at shops.

Inventory:

Hand Weapons
 b - the +3 Elemental Staff (weapon) {rElec rF++ rC++ AC+5}
   (You bought it in a shop on level 2 of the Elven Halls)

   It enhances your fire, ice, earth and air magic.
   AC:        It affects your AC (+5).
   rF:        It greatly protects you from fire.
   rC:        It greatly protects you from cold.
   rElec:     It insulates you from electricity.
Missiles
 k - 10 curare-tipped darts (quivered)
 y - 9 throwing nets
Armour
 a - the +2 shield of Resistance (worn) {rF++ rC++ Will++}
   (You found it on level 5 of the Vaults)

   rF:        It greatly protects you from fire.
   rC:        It greatly protects you from cold.
   Will:      It greatly increases your willpower.
 f - a +2 cloak of preservation (worn)
 p - quicksilver dragon scales (worn)
 A - a +0 pair of gloves (worn)
 C - a +2 pair of boots of rampaging (worn)
 E - the +2 hood of the Assassin (worn) {Detect Stab+ Stlth++}
   (You acquired it on level 1 of the Elven Halls)

   Detect:    It allows the wearer to sense nearby creatures.
   Stab+:     It allows the wearer to make particularly effective stabbing
   attacks against helpless or unaware enemies with any weapon.
   Stlth:     It makes you much more stealthy.
 V - a +5 kite shield of protection
Jewellery
 j - a ring of poison resistance
 H - a +5 ring of evasion (right hand)
 J - a +4 ring of slaying (left hand)
 L - an amulet of faith (around neck)
 Y - the ring "Urrac" {rC+ Str+3 SInv}
   (You found it on level 5 of the Vaults)

   [ring of protection from cold]

   Str:       It affects your strength (+3).
   rC:        It protects you from cold.
   SInv:      It lets you see invisible.
Wands
 t - a wand of flame (93)
 B - a wand of mindburst (16)
 F - a wand of roots (34)
 G - a wand of light (27)
 P - a wand of digging (10)
Scrolls
 n - 17 scrolls of identify {@r1}
 s - 8 scrolls of immolation
 v - 3 scrolls of blinking
 w - 2 scrolls of fog
 z - 3 scrolls of enchant armour
 D - 7 scrolls of silence
 I - a scroll of magic mapping
 O - 16 scrolls of teleportation {@r4}
 Q - 4 scrolls of brand weapon
 S - 4 scrolls of amnesia
 W - 7 scrolls of poison
 Z - 6 scrolls of fear
Potions
 c - 4 potions of berserk rage
 e - 6 potions of lignification
 g - a potion of haste {@q3}
 h - 17 potions of brilliance
 i - 6 potions of mutation
 m - 6 potions of flight
 o - 2 potions of cancellation
 q - 9 potions of attraction
 r - 2 potions of might
 u - 18 potions of curing {@q1}
 M - 4 potions of magic
 X - 9 potions of ambrosia
Miscellaneous
 d - a condenser vane
 l - a phantom mirror
 x - a lightning rod (4/4)
 K - a tin of tremorstones (2/2)
 R - a phial of floods
 U - a box of beasts


   Skills:
 - Level 20.0 Fighting
 - Level 10.8 Short Blades
 - Level 12.0 Staves
 - Level 10.2 Armour
 + Level 15.8 Dodging
 - Level 15.0 Stealth
 - Level 16.0 Shields
 - Level 2.5 Spellcasting
 - Level 5.0 Fire Magic
 * Level 21.6 Invocations
 - Level 14.0 Evocations


You had 28 spell levels left.
You knew the following spells:

 Your Spells              Type           Power      Damage    Failure   Level
b - Scorch                Fire           54%        2d7       10%         2

Your spell library contained the following spells:

 Spells                   Type           Power      Damage    Failure   Level
 Foxfire                  Conj/Fire      60%        2x1d7     19%         1
 Apportation              Tloc           4%         N/A       45%         1
 Beastly Appendage        Tmut           4%         N/A       45%         1
 Kiss of Death            Conj/Necr      8%         2d6       45%         1
 Magic Dart               Conj           8%         1d3       45%         1
 Necrotise                Necr           8%         1d4       45%         1
 Slow                     Hex            8%         N/A       45%         1
 Sting                    Tmut/Pois      8%         1d3       45%         1
 Summon Small Mammal      Summ           8%         N/A       45%         1
 Inner Flame              Hex/Fire       15%        N/A       47%         3
 Blink                    Tloc           4%         N/A       58%         2
 Cigotuvi's Dreadful Rot  Necr/Pois/Air  6%         N/A       58%         2
 Ensorcelled Hibernation  Hex/Ice        6%         N/A       58%         2
 Lesser Beckoning         Tloc           4%         N/A       58%         2
 Momentum Strike          Conj/Tloc      4%         3d8       58%         2
 Passwall                 Tmut/Erth      2%         N/A       58%         2
 Searing Ray              Conj           4%         2d4       58%         2
 Ignite Poison            Fire/Tmut/Pois 10%        N/A       58%         3
 Kindle Blastsparks       Fire/Tloc/Air  32%        2d12      58%         3
 Call Canine Familiar     Summ           2%         N/A       83%         3
 Confusing Touch          Hex            2%         N/A       83%         3
 Gell's Gravitas          Tloc           2%         N/A       83%         3
 Hailstorm                Conj/Ice       3%         3d3       83%         3
 Mephitic Cloud           Conj/Pois/Air  3%         N/A       83%         3
 Ozocubu's Armour         Ice            3%         N/A       83%         3
 Portal Projectile        Hex/Tloc       4%         N/A       83%         3
 Spider Form              Tmut/Pois      2%         N/A       83%         3
 Swiftness                Air            3%         N/A       83%         3
 Teleport Other           Tloc           2%         N/A       83%         3
 Tukima's Dance           Hex            2%         N/A       83%         3
 Vampiric Draining        Necr           2%         2d6       83%         3
 Vhi's Electric Charge    Tloc/Air       6%         N/A       83%         3
 Flame Wave               Conj/Fire      15%        2d7       87%         4
 Sticky Flame             Conj/Fire      15%        2d4       87%         4
 Animate Dead             Necr           2%         N/A       99%         4
 Dispel Undead            Necr           2%         3d7       99%         4
 Fulminant Prism          Conj/Hex       1%         3d5       99%         4
 Iskenderun's Mystic Bla  Conj/Tloc      2%         2d3       99%         4
 Leda's Liquefaction      Hex/Erth       1%         N/A       99%         4
 Manifold Assault         Tloc           2%         N/A       99%         4
 Passage of Golubria      Tloc           2%         N/A       99%         4
 Fireball                 Conj/Fire      7%         3d5       99%         5
 Agony                    Necr           2%         N/A       100%        5
 Alistair's Intoxication  Tmut/Pois      1%         N/A       100%        5
 Arcjolt                  Conj/Air       1%         1d11      100%        5
 Blade Hands              Tmut           1%         N/A       100%        5
 Borgnjor's Vile Clutch   Necr/Erth      1%         N/A       100%        5
 Freezing Cloud           Conj/Ice/Air   2%         6-21      100%        5
 Iskenderun's Battlesphe  Conj           2%         2d6       100%        5
 Lee's Rapid Deconstruct  Erth           1%         3d4*      100%        5
 Metabolic Englaciation   Hex/Ice        1%         N/A       100%        5
 Summon Mana Viper        Hex/Summ       2%         N/A       100%        5
 Yara's Violent Unravell  Hex/Tmut       1%         3d3       100%        5
 Death Channel            Necr           1%         N/A       100%        6
 Dispersal                Tloc           1%         N/A       100%        6
 Eringya's Noxious Bog    Tmut/Pois      1%         N/A       100%        6
 Iron Shot                Conj/Erth      1%         9d1       100%        6
 Simulacrum               Ice/Necr       1%         N/A       100%        6
 Starburst                Conj/Fire      7%         6d4       100%        6
 Statue Form              Tmut/Erth      2%         N/A       100%        6
 Summon Cactus Giant      Summ           1%         N/A       100%        6
 Enfeeble                 Hex            1%         N/A       100%        7
 Haunt                    Necr/Summ      1%         N/A       100%        7
 Malign Gateway           Summ/Tloc      1%         N/A       100%        7
 Ozocubu's Refrigeration  Ice            1%         4d7       100%        7
 Spellforged Servitor     Conj/Summ      1%         N/A       100%        7
 Storm Form               Tmut/Air       1%         N/A       100%        7
 Borgnjor's Revivificati  Necr           1%         N/A       100%        8
 Infestation              Necr           1%         N/A       100%        8
 Maxwell's Capacitive Co  Air            1%         ∞         100%        8
 Necromutation            Tmut/Necr      1%         N/A       100%        8
 Summon Horrible Things   Summ           1%         N/A       100%        8
 Death's Door             Necr           1%         N/A       100%        9
 Polar Vortex             Ice            1%         N/A       100%        9


Dungeon Overview and Level Annotations

Branches:
Dungeon (15/15)            Temple (1/1) D:5            Lair (5/5) D:8
 Shoals (4/4) Lair:2       Spider (4/4) Lair:3        Slime (0/5) Lair:5
    Orc (2/2) D:12            Elf (3/3) Orc:2        Vaults (5/5) D:14
  Crypt (0/3) Vaults:3     Depths (4/4) D:15            Zot (5/5) Depths:4
  IceCv (visited)         Volcano (visited)          WizLab (visited)

Altars:
Ashenzari
Cheibriados
Dithmenos
Elyvilon
Fedhas
Gozag
Hepliaklqana
Kikubaaqudgha
Makhleb
Nemelex Xobeh
Okawaru
Qazlal
Ru
Sif Muna
Trog
Uskayaw
Vehumet
Wu Jian
Xom
Yredelemnul
Zin
The Shining One

Shops:
D:5 !   D:6 *   D:9 ![=   Orc:2 (*[=   Elf:2 *(   Shoals:1 (*!*(   Shoals:2 =
Vaults:1 (   Vaults:4 [   Vaults:5 !   Depths:3 *=

Portals:
Hell: Depths:1 Depths:2 Depths:3 Depths:4
Abyss: Depths:1 Depths:2 Depths:3
Pandemonium: Depths:2 Depths:4
Ziggurat: Depths:2

Annotations:
D:3 Sigmund
D:4 Natasha
D:5 Edmund
D:12 1 transporter, GiantSquids's ghost, journeyman GrFE
Lair:2 exclusion: ice statue
Shoals:3 3 runed translucent doors, Heluore's ghost, adept DsGl
Elf:1 exclusion: deep elf death mage
Elf:2 3 runed translucent doors
Depths:4 5 runed translucent doors
Zot:5 exclusion: orb of fire


Innate Abilities, Weirdness & Mutations

You have razor-sharp teeth.
Your natural rate of healing is unusually fast.
When hurt, damage is shared between your health and your magic reserves.
Your bite disrupts and absorbs the magic of your enemies.
Potions cannot restore your health.
Your system is resistant to poisons. (rPois)
You passively dampen the noise of your surroundings.


Message History

There is a stone staircase leading down here.
(D) Dungeon (T) Temple (L) Lair (A) Shoals (N) Spider Nest (M) Slime Pits (O) Orcish Mines (E) Elven Halls (V) Vaults (C) Crypt (U) Depths (H) Hell (Z) Zot
Where to? (Enter - D:1 @ (x,y), ? - help)
There is a stone staircase leading up here.
You feel yourself slow down.
You climb upwards.
There is a stone staircase leading down here.
Natasha, Servant of Life and Death comes into view.
She is carrying a wand of roots (3).
Natasha hisses angrily.
Natasha casts a spell.
Natasha casts a spell at you. The magic dart hits you.
The white imp gestures at you.
The puff of frost hits you but does no damage.
There is a stone staircase leading up here.
You climb upwards.
Level annotation: Sigmund
There is a stone staircase leading down here.
(D) Dungeon (T) Temple (L) Lair (A) Shoals (N) Spider Nest (M) Slime Pits (O) Orcish Mines (E) Elven Halls (V) Vaults (C) Crypt (U) Depths (H) Hell (Z) Zot
Where to? (Enter - D:1 @ (x,y), ? - help)
You feel a little less mighty now.
There is a stone staircase leading up here.
You climb upwards.
There is a stone staircase leading down here.
There is a stone staircase leading up here.
You climb upwards.
There is a stone staircase leading down here.
A gnoll is nearby!
Unknown command.
You enter the shallow water.
Moving in this stuff is going to be slow.
There is a staircase leading out of the dungeon here.
You can't go down here!
You have escaped!

.............†.....#(.######
......##.#.#......##..#
......##.#.##....###..#
........###.###..###..####
......#..##.#.#.####.....#
......#...##.#####...###.#
......#.####.###..##.# #.##
###.....#∩##~~..###..# #..# ####
# ###..###..~~##@#..#####.####...
#####.##..###.####.............##
........#####.##....#.####..#####
############.#.##..##.# ##g#....
#....##.#..###.######.# #.#....
#......#.....##.#.###.## #......
#....###..##..#.#..##..####......
#....###.#.).................g...
####.......###.).........##.#....


There were no monsters in sight!

Vanquished Creatures
  3 ancient liches
  3 orbs of fire
  4 dread liches
  Boris (Vaults:5)
  A pandemonium lord (D:8)
  2 Killer Klowns (Zot:5)
  7 caustic shrikes
  13 golden dragons
  2 curse toes
  Xtahua (Depths:3)
  2 bone dragons (Depths:4)
  Jory (Vaults:5)
  Arachne (Spider:2)
  2 electric golems
  A Tzitzimitl (Zot:5)
  A hellephant (Abyss:4)
  A Brimstone Fiend (Depths:4)
  13 tentacled monstrosities
  Jorgrun (Spider:2)
  2 liches
  6 titans (Vaults:5)
  22 Orb Guardians
  4 deep elf blademasters (Elf:3)
  A walking frostbound tome (Depths:3)
  3 quicksilver dragons
  5 deep elf master archers (Elf:3)
  6 death cobs
  2 ancient champions
  7 sphinxes
  Frances (D:14)
  6 shadow dragons
  20 storm dragons
  4 draconian monks
  Donald (Orc:2)
  7 tengu reavers (Vaults:5)
  4 emperor scorpions (Spider:4)
  A daeva (Depths:2)
  16 vault wardens
  9 fire giants
  3 draconian knights
  8 frost giants
  5 draconian scorchers (Zot:2)
  An iron dragon (Depths:2)
  Aizul (Elf:1)
  10 deep elf sorcerers
  4 deep elf elementalists
  A ghoul (Vaults:3)
  6 draconian stormcallers
  7 draconian shifters
  7 draconian annihilators
  6 ghost moths
  A broodmother (Spider:3)
  17 ironbound preservers
  2 orc warlords
  14 very ugly things
  17 stone giants
  A quicksilver ooze (shapeshifter) (Depths:3)
  9 green draconians
  9 ironbound thunderhulks
  3 vampire knights
  14 purple draconians
  7 deep elf demonologists
  11 red draconians
  8 deep elf annihilators
  Azrael (Orc:2)
  15 black draconians
  3 spark wasps
  12 yellow draconians
  2 deep elf death magi (Elf:3)
  18 dire elephants
  9 white draconians
  A spark wasp (shapeshifter) (Vaults:5)
  Snorg (Lair:5)
  9 fire dragons
  An iron golem (Depths:1)
  12 ettins
  An eidolon (Vaults:3)
  4 merfolk impalers (Shoals:4)
  5 entropy weavers
  4 merfolk javelineers
  32 vault guards
  4 rakshasas
  19 yaktaur captains
  4 hydras
  Erolcha (D:13)
  3 great orbs of eyes
  A radroach (Spider:2)
  An ice dragon (shapeshifter) (Vaults:5)
  4 merfolk aquamancers
  6 spriggan air magi
  A jorogumo (Spider:2)
  9 ironbound frosthearts
  6 ice dragons
  4 ogre magi (Vaults:5)
  2 alligator snapping turtles (Shoals:4)
  19 centaur warriors
  7 boulder beetles
  2 satyrs
  An alligator (shapeshifter) (Elf:3)
  3 deep troll earth magi
  11 two-headed ogres
  6 death yaks
  6 deep troll shamans
  23 dancing weapons
  6 tengu warriors
  10 deep elf knights
  8 spriggan berserkers
  7 skysharks
  A sun demon (Depths:4)
  4 iron trolls
  2 soul eaters
  10 skeletal warriors
  2 goliath frogs (Lair:5)
  14 sea snakes
  7 pharaoh ants
  2 sun moths (Spider:4)
  2 spatial maelstroms (Abyss:4)
  3 glowing orange brains
  3 steelbarb worms
  16 ironbound convokers
  49 deep trolls
  8 deep elf archers
  8 lindwurms
  A shadow demon (D:12)
  11 wizards
  15 harpies
  7 orc knights
  15 orb spiders
  4 phantasmal warriors (Vaults:5)
  13 deep elf zephyrmancers
  3 necromancers
  22 wolf spiders
  Pikel (D:4)
  An orc sorcerer (Orc:2)
  40 ugly things
  21 deep elf pyromancers
  5 fauns
  A salamander (shapeshifter) (D:13)
  8 manticores
  A moth of wrath (shapeshifter) (Vaults:1)
  12 cyclopes
  5 elephants (Abyss:4)
  15 moths of wrath
  3 black mambas
  3 demonic crawlers
  19 vault sentinels
  9 torpor snails
  5 water nymphs
  7 merfolk sirens
  An ice statue (IceCv)
  A smoke demon (D:8)
  A rust devil (Depths:2)
  3 gargoyles
  15 cane toads
  2 unseen horrors (Depths:1)
  A hellion (D:8)
  Psyche (D:8)
  24 rime drakes
  A kobold demonologist (D:14)
  8 komodo dragons
  An efreet (Volcano)
  2 freezing wraiths
  35 yaktaurs
  6 polar bears
  3 tengu conjurers (Depths:2)
  10 wind drakes
  26 merfolk
  3 meliai
  6 trolls
  2 tyrant leeches (Lair:5)
  7 hornets
  Prince Ribbit (D:9)
  8 blink frogs (Lair:5)
  4 dream sheep
  20 tarantellas
  A raiju (Abyss:4)
  8 snapping turtles
  15 jumping spiders
  A centaur simulacrum (D:12)
  11 culicivoras
  24 slime creatures
  3 air elementals (Elf:1)
  4 shadows
  5 wyverns
  4 vampires (WizLab)
  7 water elementals
  4 wraiths
  3 basilisks
  Eustachio (D:5)
  24 fire elementals
  51 yaks
  A human (shapeshifter) (D:15)
  13 steam dragons
  14 vampire mosquitoes
  6 chaos spawn (Depths:1)
  55 redbacks
  2 spatial vortices (Abyss:4)
  2 acid dragons
  5 wargs
  9 water moccasins
  A two-headed ogre zombie (WizLab)
  2 floating eyes (shapeshifter) (Vaults:5)
  4 hell hounds (Orc:2)
  Duvessa (D:4)
  2 sky beasts
  9 ice beasts
  9 orc warriors
  3 black bears
  2 ogres
  3 large abominations (Depths:1)
  11 wolves (IceCv)
  10 centaurs
  A lemure (D:4)
  2 phantoms
  A bullfrog (shapeshifter) (D:14)
  2 kobold brigands
  4 small abominations (Depths:1)
  13 bullfrogs
  3 earth elementals
  2 gnoll sergeants
  6 scorpions
  7 wights
  Dowan (D:4)
  12 killer bees (D:9)
  9 troll zombies (WizLab)
  An electric eel (Spider:4)
  2 howler monkeys (D:14)
  3 hounds
  A jelly (D:4)
  14 orc priests
  2 gnoll boudas
  Natasha (twice) (D:4)
  3 iguanas
  17 orc wizards
  5 ogre zombies (WizLab)
  17 gnolls
  4 adders
  3 shadow imps
  2 white imps (Lair:2)
  4 worms
  3 dart slugs
  37 orcs
  8 ball pythons
  4 endoplasms
  2 giant cockroaches
  4 goblins (D:1)
  7 hobgoblins
  4 kobolds
  4 quokkas (D:2)
  7 bats
  3 frilled lizards
  4 rats
1793 creatures vanquished.

Vanquished Creatures (collateral kills)
  A tengu warrior (D:14)
  A cyclops (Orc:2)
2 creatures vanquished.

Vanquished Creatures (others)
  A draconian stormcaller (Zot:2)
  A spark wasp (Spider:3)
  A wolf spider (Spider:3)
  2 fauns (Shoals:1)
  A rime drake (Lair:3)
  A merfolk (Shoals:4)
  A raiju (Abyss:4)
  A jumping spider (Spider:2)
  A redback (Spider:3)
  26 foxfires (D:8)
  34 fungi
  96 plants
166 creatures vanquished.

Grand Total: 1961 creatures vanquished

Notes
Turn   | Place    | Note
-------+----------+-------------------------------------------
     0 | D:1      | freelancePsychic the Vine Stalker Cinder Acolyte began the
                  | quest for the Orb.
     0 | D:1      | Reached XP level 1. HP: 11/11 MP: 3/3
   132 | D:1      | Reached XP level 2. HP: 16/16 MP: 5/5
   158 | D:1      | Learned a level 2 spell: Scorch
   598 | D:2      | Reached XP level 3. HP: 16/20 MP: 0/6
  1558 | D:3      | Gained mutation: Your natural rate of healing is unusually
                  | fast. [Vine Stalker growth]
  1558 | D:3      | Reached XP level 4. HP: 24/24 MP: 5/8
  1796 | D:3      | Found a shimmering blue altar of Sif Muna.
  1887 | D:3      | Noticed Sigmund
  2689 | D:4      | Noticed Duvessa
  2693 | D:4      | Noticed Dowan
  2796 | D:4      | Noticed a kobold brigand
  2947 | D:3      | Reached XP level 5. HP: 25/29 MP: 3/9
  3231 | D:4      | Killed Duvessa
  3232 | D:4      | Reached skill level 1 in Stealth
  3232 | D:4      | Reached XP level 6. HP: 23/33 MP: 1/10
  3236 | D:4      | Killed Dowan
  3337 | D:4      | Noticed Pikel
  3554 | D:4      | Noticed a steam dragon
  3723 | D:4      | Reached XP level 7. HP: 38/38 MP: 9/11
  3768 | D:4      | Reached skill level 5 in Fire Magic
  3840 | D:4      | Killed a steam dragon
  3890 | D:4      | Found a glowing silver altar of Zin.
  3898 | D:4      | Noticed Natasha
  3907 | D:4      | Killed Natasha
  4111 | D:4      | Killed Pikel
  4112 | D:4      | Reached skill level 5 in Fighting
  4112 | D:4      | Reached skill level 5 in Stealth
  4112 | D:4      | Gained mutation: You have razor-sharp teeth. [Vine Stalker
                  | growth]
  4112 | D:4      | Reached XP level 8. HP: 40/44 MP: 3/12
  4225 | D:4      | Noticed Natasha
  4226 | D:5      | Entered Level 5 of the Dungeon
  4291 | D:5      | Reached skill level 5 in Short Blades
  4351 | D:4      | Killed Natasha
  4589 | D:5      | Found a hazy altar of Hepliaklqana.
  4590 | D:5      | Noticed Edmund
  4635 | D:5      | Found Ygiuth's Distillery.
  4644 | D:5      | Bought a potion of berserk rage for 65 gold pieces
  4644 | D:5      | Bought a potion of curing for 39 gold pieces
  4710 | D:5      | Found a staircase to the Ecumenical Temple.
  4884 | D:5      | Noticed Eustachio
  4933 | D:5      | Killed Eustachio
  5226 | D:5      | Reached XP level 9. HP: 49/49 MP: 13/13
  5505 | D:5      | Found a burning altar of Makhleb.
  5505 | D:5      | Found a sparkling altar of Nemelex Xobeh.
  5817 | D:6      | Found Piteacre's General Store.
  5820 | D:6      | Bought a potion of lignification for 36 gold pieces
  6790 | D:8      | Found a staircase to the Lair.
  6987 | D:8      | Noticed Psyche
  7018 | D:8      | Reached XP level 10. HP: 49/56 MP: 12/14
  7308 | D:8      | Killed Psyche
  7612 | D:9      | Reached skill level 10 in Stealth
  7735 | D:9      | Found Reshol's Armour Shoppe.
  7777 | D:9      | Bought a +1 helmet of intelligence for 231 gold pieces
  7847 | D:9      | Found Sulovoh's Jewellery Emporium.
  7932 | D:9      | Noticed a two-headed ogre
  7963 | D:9      | Killed a two-headed ogre
  8309 | D:9      | Reached XP level 11. HP: 48/62 MP: 15/15
  8662 | D:9      | Noticed a two-headed ogre
  8663 | D:9      | Noticed Prince Ribbit
  8664 | D:9      | Killed Prince Ribbit
  8670 | D:9      | Killed a two-headed ogre
  8727 | D:9      | Found Buoxef's Distillery.
  8791 | D:10     | Entered Level 10 of the Dungeon
  8824 | D:10     | Found a broken altar of Ashenzari.
  8927 | D:10     | Identified the +0 ring mail "Dogav" {Rampage rF+}
  9298 | D:10     | Reached skill level 10 in Fighting
  9619 | D:11     | Reached skill level 10 in Short Blades
  9623 | D:11     | Reached skill level 1 in Armour
  9659 | D:11     | Noticed a two-headed ogre
  9660 | D:11     | Noticed an eight-headed hydra
  9676 | D:11     | Killed a two-headed ogre
  9693 | D:11     | Noticed a cyclops
  9706 | D:11     | Killed a cyclops
  9848 | D:9      | Bought a +0 cloak for 63 gold pieces
  9926 | D:11     | Noticed a two-headed ogre
  9935 | D:11     | Killed a two-headed ogre
  9951 | D:11     | Found a shadowy altar of Dithmenos.
  9958 | D:11     | Noticed a two-headed ogre
  9964 | D:11     | Killed a two-headed ogre
  9965 | D:11     | Reached skill level 5 in Armour
  9965 | D:11     | Reached XP level 12. HP: 40/67 MP: 7/16
 10079 | D:11     | Killed an eight-headed hydra
 10291 | Lair:1   | Entered Level 1 of the Lair of Beasts
 10466 | Lair:1   | Found a dark tunnel.
 10472 | Volcano  | Entered a volcano
 10546 | Volcano  | Noticed a stone giant
 10552 | Volcano  | Killed a stone giant
 10935 | Temple   | Entered the Ecumenical Temple
 10987 | Temple   | Fell from the grace of Ignis
 10987 | Temple   | Became a worshipper of Uskayaw the Reveller
 11099 | Lair:1   | Identified the +6 quarterstaff "Keceynt" {holy, +Blink Fly
                  | rPois Str+3}
 11150 | Lair:1   | Reached * piety under Uskayaw
 11356 | Lair:1   | Reached ** piety under Uskayaw
 11614 | Lair:2   | Noticed a skyshark
 11633 | Lair:2   | Reached skill level 1 in Invocations
 11637 | Lair:2   | Reached *** piety under Uskayaw
 11668 | Lair:2   | Identified the +1 leather armour "Kuazo" {rElec rCorr
                  | Dex-3}
 11686 | Lair:2   | Reached skill level 2 in Invocations
 11722 | Lair:2   | Noticed a skyshark
 11731 | Lair:2   | Killed a skyshark
 11746 | Lair:2   | Identified the +10 quarterstaff "Illet" {speed, rPois Will+
                  | Str-4 Dex+2}
 11879 | Lair:2   | Reached skill level 3 in Invocations
 11906 | Lair:2   | Reached **** piety under Uskayaw
 11911 | Lair:2   | Reached skill level 4 in Invocations
 11916 | Lair:2   | Reached ***** piety under Uskayaw
 11924 | Lair:2   | Reached ****** piety under Uskayaw
 11950 | Lair:2   | Killed a skyshark
 11970 | Lair:2   | Identified the +5 dagger of Gexolyew {vamp, Int+5}
 11980 | Lair:2   | Identified the +8 rapier of World's End {venom, rPois Str-2
                  | Dex+8 Stlth-}
 12004 | Lair:2   | Found a staircase to the Shoals.
 12018 | Lair:2   | Reached skill level 5 in Invocations
 12018 | Lair:2   | Reached XP level 13. HP: 62/72 MP: 17/17
 12123 | Lair:1   | You fall into a shaft and drop 1 floor!
 12582 | Lair:3   | Found a hole to the Spider Nest.
 12603 | Lair:3   | Reached skill level 6 in Invocations
 12884 | Lair:3   | Reached skill level 1 in Shields
 13953 | Lair:4   | Found the +4 skin of Zhor {*Englaciate rC+++ SInv}
 14068 | Lair:4   | Reached skill level 7 in Invocations
 14540 | Lair:5   | Entered Level 5 of the Lair of Beasts
 14723 | Lair:5   | Found a frozen archway.
 14732 | IceCv    | Entered an ice cave
 14848 | IceCv    | Reached XP level 14. HP: 67/77 MP: 20/20
 14898 | IceCv    | Reached skill level 10 in Armour
 15021 | IceCv    | Noticed a frost giant
 15034 | IceCv    | Killed a frost giant
 15035 | IceCv    | Reached skill level 8 in Invocations
 15160 | IceCv    | Identified the +2 steam dragon scales of Reason {rPois
                  | Str+5 SInv Stlth+}
 15509 | Lair:5   | Reached skill level 5 in Shields
 15596 | Lair:5   | Noticed Snorg
 15633 | Lair:5   | Reached skill level 1 in Dodging
 15641 | Lair:5   | Killed Snorg
 15674 | Lair:5   | Found a staircase to the Slime Pits.
 15707 | Lair:5   | Reached skill level 9 in Invocations
 15739 | Lair:4   | Was forgiven by Ignis
 16677 | D:12     | Found a transporter.
 16726 | D:12     | Noticed GiantSquids's ghost (journeyman GrFE)
 16915 | D:12     | Found a transporter.
 17051 | D:12     | Found a staircase to the Orcish Mines.
 17051 | D:12     | You fall into a shaft and drop 2 floors!
 17330 | D:14     | Reached XP level 15. HP: 67/84 MP: 23/23
 17387 | D:14     | Reached skill level 10 in Invocations
 17520 | D:14     | Found a gate to the Vaults.
 17625 | D:14     | Found a sparkling altar of Nemelex Xobeh.
 17670 | D:14     | Identified the ring of the Two Names {+Blink rC+ Int+3
                  | Dex-4}
 17679 | D:14     | Noticed Frances
 17823 | D:13     | Noticed Erolcha
 18207 | D:13     | Identified the +3 mace "Bof Orri" {flame, Fly rF++ Will+
                  | Dex-4}
 18346 | D:13     | Killed Erolcha
 18683 | D:14     | Killed Frances
 18684 | D:14     | Reached skill level 5 in Dodging
 18786 | D:15     | Entered Level 15 of the Dungeon
 19285 | D:15     | Found a shimmering altar of Xom.
 19738 | Orc:1    | Entered Level 1 of the Orcish Mines
 19842 | Orc:2    | Entered Level 2 of the Orcish Mines
 19861 | Orc:2    | Found Agaijon's Antique Weapon Emporium.
 19862 | Orc:2    | Noticed Azrael
 19996 | Orc:2    | Killed Azrael
 20125 | Orc:2    | Noticed Donald
 20140 | Orc:2    | Found Ucitos's General Store.
 20183 | Orc:2    | Bought a scroll of enchant weapon for 105 gold pieces
 20238 | Orc:2    | Found Hysh's Jewellery Emporium.
 20274 | Orc:2    | Reached skill level 1 in Evocations
 20400 | Orc:2    | Killed Donald
 20514 | Orc:2    | Found a staircase to the Elven Halls.
 20568 | Orc:2    | Found Byecimpe's Antique Armour Shoppe.
 20598 | Orc:2    | Bought a pair of embroidered boots for 187 gold pieces
 21181 | D:12     | Found a shimmering blue altar of Sif Muna.
 21410 | Spider:1 | Entered Level 1 of the Spider Nest
 21499 | Spider:1 | Reached XP level 16. HP: 91/91 MP: 24/24
 22272 | Spider:2 | Noticed Jorgrun
 22347 | Spider:2 | Killed Jorgrun
 22733 | Spider:2 | Noticed Arachne
 22747 | Spider:2 | Killed Arachne
 22750 | Spider:2 | Reached skill level 10 in Shields
 23948 | Elf:1    | Entered Level 1 of the Elven Halls
 24040 | Elf:1    | Paralysed by an air elemental for 1 turns
 24162 | Elf:1    | Paralysed by an air elemental for 1 turns
 24264 | Elf:1    | Reached XP level 17. HP: 96/97 MP: 25/25
 24490 | Elf:1    | Noticed Aizul
 24521 | Elf:1    | Killed Aizul
 24689 | Elf:1    | Identified a scroll of acquirement
 24697 | Elf:1    | Acquired the +2 hood of the Assassin {Detect Stab+ Stlth++}
 24697 | Elf:1    | Found the +2 hood of the Assassin {Detect Stab+ Stlth++}
 24885 | Elf:2    | Found Zuxewuff's Antique Weapon Shoppe.
 24893 | Elf:2    | Bought the +3 Elemental Staff {rElec rF++ rC++ AC+5} for
                  | 2162 gold pieces
 24893 | Elf:2    | Found the +3 Elemental Staff {rElec rF++ rC++ AC+5}
 24968 | Elf:2    | Reached skill level 1 in Staves
 24989 | Elf:2    | Found Quase's CLEARANCE SALE!.
 25171 | Elf:2    | Found a runed translucent gate.
 25186 | Elf:2    | Found a runed translucent gate.
 25187 | Elf:2    | Found a runed translucent gate.
 26267 | Spider:4 | Entered Level 4 of the Spider Nest
 26350 | Spider:4 | Reached skill level 5 in Staves
 27119 | Spider:4 | Reached skill level 5 in Evocations
 27401 | Spider:4 | Reached XP level 18. HP: 93/102 MP: 26/26
 27805 | Shoals:1 | Entered Level 1 of the Shoals
 27906 | Shoals:1 | Found Wydwogh's Distillery.
 27961 | Shoals:1 | Bought a potion of might for 56 gold pieces
 27982 | Shoals:1 | Bought a glowing golden potion for 30 gold pieces
 28131 | Shoals:1 | Found Heaseake's Antique Weapon Shoppe.
 28196 | Shoals:1 | Found Qivuy's Assorted Antiques.
 28219 | Shoals:1 | Found Furopt's Antique Weapon Shop.
 28316 | Shoals:2 | Found Vooptos's Jewellery Shoppe.
 29231 | Shoals:3 | Reached skill level 10 in Staves
 29309 | Shoals:3 | Found a runed translucent gate.
 29309 | Shoals:3 | Found a runed translucent gate.
 29309 | Shoals:3 | Found a runed translucent gate.
 29310 | Shoals:3 | Noticed Heluore's ghost (adept DsGl)
 29625 | Shoals:4 | Entered Level 4 of the Shoals
 29749 | Shoals:4 | Identified the amulet "Rafeat" {Spirit rC+ Slay+3}
 30146 | Shoals:4 | Got Destouca's Omnibus of Combustion
 30361 | Shoals:4 | Got a barnacled rune of Zot
 30541 | Shoals:4 | Identified the +8 scimitar of Parts Unknown {elec, MP+9}
 30881 | Spider:4 | Got a gossamer rune of Zot
 31279 | Elf:3    | Entered Level 3 of the Elven Halls
 31356 | Elf:3    | Reached skill level 15 in Fighting
 31388 | Elf:3    | Reached XP level 19. HP: 92/108 MP: 23/27
 31726 | Elf:3    | Found the +7 captain's cutlass {speed, disarm}
 31753 | Elf:3    | Identified the +5 scimitar "Jexzoyru" {drain, rF+}
 32399 | Elf:3    | Got the Volume of Position
 32400 | Elf:3    | Identified the +10 great sword of the Crushed Servitors
                  | {venom, Int+6}
 32415 | Elf:3    | Identified the +1 lajatang of the Other Side {flame, Int+2}
 32454 | Elf:3    | Got the Meditations on Distance and the Assassin
 32710 | Vaults:1 | Entered Level 1 of the Vaults
 32799 | Vaults:1 | Reached skill level 10 in Dodging
 33467 | Vaults:1 | Found Naol's Weapon Shoppe.
 34062 | Vaults:2 | Reached XP level 20. HP: 65/114 MP: 24/28
 35269 | Vaults:3 | Reached skill level 10 in Evocations
 35813 | Vaults:3 | Found a magical portal.
 35845 | WizLab   | Entered Zonguldrok's Shrine
 36151 | WizLab   | Noticed an antique lich
 36171 | WizLab   | Killed an antique lich
 36181 | WizLab   | Found the +9 sword of Zonguldrok {reap}
 36375 | Vaults:3 | Reached XP level 21. HP: 121/121 MP: 27/29
 36383 | Vaults:3 | Found a staircase to the Crypt.
 36903 | Vaults:4 | Reached skill level 11 in Invocations
 37599 | Vaults:4 | Reached skill level 12 in Invocations
 37750 | Vaults:4 | Found Leucijuc's Antique Armour Boutique.
 38405 | D:15     | Found a staircase to the Depths.
 38434 | Depths:1 | Entered Level 1 of the Depths
 38605 | Depths:1 | Found a one-way gate to the infinite horrors of the Abyss.
 39044 | Depths:1 | Found a gateway to Hell.
 39117 | Depths:1 | Found a snail-covered altar of Cheibriados.
 39408 | Depths:2 | Reached XP level 22. HP: 126/126 MP: 30/32
 39652 | D:9      | Bought a +4 ring of slaying for 1170 gold pieces
 39952 | Depths:1 | Found a one-way gate to the infinite horrors of the Abyss.
 40234 | Depths:1 | Found a gateway to Hell.
 40556 | Depths:1 | Found a snail-covered altar of Cheibriados.
 40703 | Depths:1 | Found a gateway to Hell.
 41026 | Depths:1 | Found a one-way gate to the infinite horrors of the Abyss.
 41371 | Depths:1 | Found a snail-covered altar of Cheibriados.
 41511 | Depths:2 | Noticed a golden dragon
 41514 | Depths:2 | Noticed a caustic shrike
 41525 | Depths:2 | Killed a caustic shrike
 41527 | Depths:2 | Killed a golden dragon
 41533 | Depths:2 | Reached skill level 13 in Invocations
 41573 | Depths:2 | Found a one-way gateway to a ziggurat.
 41612 | Depths:2 | Noticed a caustic shrike
 41624 | Depths:2 | Killed a caustic shrike
 41914 | Depths:2 | Found a one-way gate leading to the halls of Pandemonium.
 42011 | Depths:2 | Reached skill level 15 in Shields
 42012 | Depths:2 | Found a white marble altar of Elyvilon.
 42051 | Depths:2 | Found a shimmering blue altar of Sif Muna.
 42136 | Depths:3 | Got the Dissertation on the Reformed Pyromaniac
 42171 | Depths:3 | Found Wuxuajadd's Gadget Gallery.
 42177 | Depths:3 | Bought a wand of roots (3) for 115 gold pieces
 42205 | Depths:3 | Noticed a golden dragon
 42214 | Depths:3 | Killed a golden dragon
 42328 | Depths:3 | Found Jippekuuhi's Jewellery Shop.
 42381 | Depths:3 | Noticed Xtahua
 42389 | Depths:3 | Killed Xtahua
 42543 | Depths:3 | Reached skill level 14 in Invocations
 42702 | Depths:3 | Noticed a caustic shrike
 42705 | Depths:3 | Noticed a golden dragon
 42712 | Depths:3 | Killed a caustic shrike
 42716 | Depths:3 | Killed a golden dragon
 42752 | Depths:3 | Identified the +3 sling "Hoism" {heavy, rElec Dex+5 Stlth-}
 42770 | Depths:3 | Identified the +11 great mace "Idytumog" {protect, *Corrode
                  | rElec Str+4 Int+8}
 43161 | Depths:4 | Entered Level 4 of the Depths
 43244 | Depths:4 | Noticed a caustic shrike
 43245 | Depths:4 | Noticed a caustic shrike
 43245 | Depths:4 | Noticed a caustic shrike
 43246 | Depths:4 | Noticed a caustic shrike
 43250 | Depths:4 | Killed a caustic shrike
 43251 | Depths:4 | Killed a caustic shrike
 43252 | Depths:4 | Killed a caustic shrike
 43254 | Depths:4 | Killed a caustic shrike
 43294 | Depths:4 | Reached skill level 15 in Invocations
 43375 | Depths:4 | Reached XP level 23. HP: 124/130 MP: 32/35
 43422 | Depths:4 | Found a runed translucent door.
 43423 | Depths:4 | Found a runed translucent door.
 43423 | Depths:4 | Found a runed translucent door.
 43504 | Depths:4 | Found a runed translucent door.
 43517 | Depths:4 | Found a runed translucent door.
 43517 | Depths:4 | Found a runed translucent door.
 43568 | Depths:4 | Found a gate to the Realm of Zot.
 43822 | Depths:4 | Noticed a golden dragon
 43831 | Depths:4 | Killed a golden dragon
 44190 | Depths:4 | Noticed a golden dragon
 44205 | Depths:4 | Killed a golden dragon
 44390 | Depths:4 | Noticed a golden dragon
 44397 | Depths:4 | Killed a golden dragon
 44473 | Depths:4 | Found a stormy altar of Qazlal.
 44492 | Depths:4 | Reached skill level 15 in Stealth
 44843 | Abyss:4  | Cast into level 4 of the Abyss (unwielding a weapon of
                  | distortion)
 44939 | Abyss:4  | Found a corrupted altar of Lugonu.
 44957 | Abyss:4  | Got an abyssal rune of Zot
 45028 | Vaults:2 | Escaped the Abyss
 45141 | Vaults:5 | Entered Level 5 of the Vaults
 45147 | Vaults:5 | Noticed Jory
 45152 | Vaults:5 | Killed Jory
 45155 | Vaults:5 | Noticed a dread lich
 45156 | Vaults:5 | Killed a dread lich
 45183 | Vaults:5 | Noticed a golden dragon
 45185 | Vaults:5 | Killed a golden dragon
 45211 | Vaults:5 | Found the +2 shield of Resistance {rF++ rC++ Will++}
 45215 | Vaults:5 | Identified the ring "Urrac" {rC+ Str+3 SInv}
 45235 | Vaults:5 | Reached skill level 16 in Invocations
 45279 | Vaults:5 | Identified the +5 hand axe of Defiance {drain, Str+6}
 45283 | Vaults:5 | Identified the ring of Afuer {rCorr Dex+3}
 45493 | Vaults:5 | Noticed a golden dragon
 45496 | Vaults:5 | Killed a golden dragon
 45564 | Vaults:5 | Found Kuyger's Distillery.
 45570 | Vaults:5 | Noticed an ancient lich
 45578 | Vaults:5 | Killed an ancient lich
 45579 | Vaults:5 | Reached XP level 24. HP: 128/137 MP: 36/36
 45582 | Vaults:5 | Identified the +1 ring mail of the Evil One {Rampage
                  | *Corrode Dex+2}
 45604 | Vaults:5 | Identified the +1 long sword of Offence {flame, *Corrode
                  | rF+++ rC+ Str+3}
 45723 | Vaults:5 | Reached skill level 17 in Invocations
 45822 | Vaults:5 | Noticed Boris
 45856 | Vaults:5 | Killed Boris
 45936 | Vaults:5 | Noticed an ancient lich
 45965 | Vaults:5 | Killed an ancient lich
 45997 | Vaults:5 | Identified the +1 scimitar of Pandemonium {flame, rF+}
 46134 | Vaults:5 | Noticed a dread lich
 46143 | Vaults:5 | Killed a dread lich
 46311 | Vaults:5 | Got the Guidebook on the Stormy Stinger
 46335 | Vaults:5 | Got a silver rune of Zot
 46395 | Vaults:5 | Identified the +5 glaive "Rummage" {vamp, rF+ rN+ Str+3}
 46667 | Vaults:5 | Reached skill level 18 in Invocations
 46937 | Vaults:5 | Identified the +8 halberd of Nuviunta {heavy, Str+2 Dex+4}
 46937 | Vaults:5 | Identified the +1 robe of the Gloaming {Will++ Dex-5
                  | Stlth+}
 46937 | Vaults:5 | Identified the ring "Wijop" {+Blink rCorr}
 47287 | Zot:1    | Entered Level 1 of the Realm of Zot
 47471 | Zot:1    | You fall into a shaft and drop 1 floor!
 47811 | Zot:2    | Reached XP level 25. HP: 101/144 MP: 30/37
 48081 | Zot:2    | Reached skill level 19 in Invocations
 48851 | Zot:1    | Noticed an orb of fire
 48853 | Zot:1    | Gained mutation: Your magical capacity is low. (-10% MP)
                  | [an orb of fire]
 48855 | Zot:1    | Gained mutation: Your spells are a little easier to cast,
                  | but a little less powerful. [an orb of fire]
 48869 | Zot:1    | Killed an orb of fire
 50021 | Zot:4    | Got Vuyvofo's Notes on the Jinx and the Deep Freeze
 50819 | Zot:4    | Reached skill level 15 in Dodging
 50819 | Zot:4    | Reached skill level 20 in Invocations
 51603 | Zot:5    | Entered Level 5 of the Realm of Zot
 51605 | Zot:5    | Noticed an orb of fire
 51605 | Zot:5    | Noticed an orb of fire
 51605 | Zot:5    | Noticed a dread lich
 51605 | Zot:5    | Noticed a Killer Klown
 51610 | Zot:5    | Gained mutation: You sometimes lose your temper in combat.
                  | [an orb of fire]
 51612 | Zot:5    | Gained mutation: Armour fits poorly on your strangely
                  | shaped body. [an orb of fire]
 51614 | Zot:5    | Killed an orb of fire
 51615 | Zot:5    | Killed a Killer Klown
 51616 | Zot:5    | Killed a dread lich
 51620 | Zot:5    | Killed an orb of fire
 51646 | Zot:5    | Lost mutation: Armour fits poorly on your strangely shaped
                  | body. [potion of mutation]
 51646 | Zot:5    | Lost mutation: You sometimes lose your temper in combat.
                  | [potion of mutation]
 51646 | Zot:5    | Lost mutation: Your magical capacity is low. (-10% MP)
                  | [potion of mutation]
 51646 | Zot:5    | Gained mutation: You are dopey. (Int -2) [potion of
                  | mutation]
 51646 | Zot:5    | Gained mutation: You occasionally lose the ability to read
                  | scrolls when taking damage. [potion of mutation]
 51646 | Zot:5    | Lost mutation: You are dopey. (Int -2) [potion of mutation]
 51646 | Zot:5    | Gained mutation: Your muscles are strong. (Str +4, Int/Dex
                  | -1) [potion of mutation]
 51647 | Zot:5    | Lost mutation: Your spells are a little easier to cast, but
                  | a little less powerful. [potion of mutation]
 51647 | Zot:5    | Lost mutation: Your muscles are strong. (Str +4, Int/Dex
                  | -1) [potion of mutation]
 51647 | Zot:5    | Gained mutation: Your spells are a little easier to cast,
                  | but a little less powerful. [potion of mutation]
 51647 | Zot:5    | Gained mutation: Your body sometimes deteriorates upon
                  | taking damage. [potion of mutation]
 51648 | Zot:5    | Lost mutation: Your body sometimes deteriorates upon taking
                  | damage. [potion of mutation]
 51648 | Zot:5    | Lost mutation: You occasionally lose the ability to read
                  | scrolls when taking damage. [potion of mutation]
 51648 | Zot:5    | Lost mutation: Your spells are a little easier to cast, but
                  | a little less powerful. [potion of mutation]
 51648 | Zot:5    | Gained mutation: You sometimes lose your temper in combat.
                  | [potion of mutation]
 51649 | Zot:5    | Lost mutation: You sometimes lose your temper in combat.
                  | [potion of mutation]
 51649 | Zot:5    | Gained mutation: You are frail. (-10% HP) [potion of
                  | mutation]
 51649 | Zot:5    | Gained mutation: You are weak. (Str -2) [potion of
                  | mutation]
 51649 | Zot:5    | Gained mutation: You occasionally lose the ability to read
                  | scrolls when taking damage. [potion of mutation]
 51650 | Zot:5    | Lost mutation: You are weak. (Str -2) [potion of mutation]
 51650 | Zot:5    | Lost mutation: You are frail. (-10% HP) [potion of
                  | mutation]
 51650 | Zot:5    | Gained mutation: You passively map a small area around you.
                  | [potion of mutation]
 51650 | Zot:5    | Gained mutation: Your muscles are strong. (Str +4, Int/Dex
                  | -1) [potion of mutation]
 51651 | Zot:5    | Lost mutation: You passively map a small area around you.
                  | [potion of mutation]
 51651 | Zot:5    | Lost mutation: You occasionally lose the ability to read
                  | scrolls when taking damage. [potion of mutation]
 51651 | Zot:5    | Gained mutation: You passively dampen the noise of your
                  | surroundings. [potion of mutation]
 51651 | Zot:5    | Lost mutation: Your muscles are strong. (Str +4, Int/Dex
                  | -1) [potion of mutation]
 51651 | Zot:5    | Gained mutation: Your system is resistant to poisons.
                  | (rPois) [potion of mutation]
 51712 | Zot:5    | Noticed a dread lich
 51718 | Zot:5    | Killed a dread lich
 51791 | Zot:5    | Reached XP level 26. HP: 96/151 MP: 32/38
 52046 | Zot:5    | Noticed a Killer Klown
 52051 | Zot:5    | Killed a Killer Klown
 52134 | Zot:5    | Reached skill level 21 in Invocations
 52228 | Zot:5    | Noticed an orb of fire
 52528 | Zot:5    | Got the Orb of Zot
 52992 | D:8      | Noticed Ikhus the pandemonium lord
 53005 | D:8      | Killed Ikhus the pandemonium lord
 53056 | D:4      | Noticed Natasha
 53130 | D:$      | Escaped with the Orb!

Illustrated notes

Levels and vault maps discovered:
D:1:      spicycebolla_green_bress_n_ham_2, layout_rooms, lemuel_flame_loot_1
D:2:      layout_basic, serial_aquarium, aquarium_bridge_straight
          [aquarium_subvault_bridge, aquarium_subvault_window,
          aquarium_subvault_bridge, aquarium_subvault_wall], aquarium_window_1,
          aquarium_window_fake, aquarium_window_corridor_1, aquarium_view_2c,
          aquarium_view_2b, minivault_25
D:3:      layout_basic, mainiacjoe_overflow_brackets, hex_tiny,
          hangedman_decor_points, nicolae_kite_square_tiling_tiny, uniq_sigmund
D:4:      layout_cave_pools, amcnicky_altar_gilded, uniq_duvessa, uniq_natasha,
          uniq_pikel
D:5:      layout_basic, mainiacjoe_overflow_concentric_impassable,
          gammafunk_temple_overflow_statue, minmay_temple_entry_trees,
          serial_shops, shop, uniq_eustachio, uniq_edmund
D:6:      layout_rooms, serial_shops, kennysheep_mini
D:7:      layout_basic, minmay_crystal_water
D:8:      layout_rooms, lair_entry_dummy, uniq_psyche
D:9:      layout_gridville, serial_shops, shop, shop, kennysheep_mini_moat,
          supply_closet_lemuel, st_stairs_1, uniq_prince_ribbit1
D:10:     layout_roguey, cheibrodos_ashenzari_chains
D:11:     layout_roguey, grunt_dithmenos_smoke
D:12:     minmay_open_boxes_in_corner, layout_cave_pods, orc_0_dummy,
          gammafunk_ghost_stat_death, nicolae_sif_muna_little_library
D:13:     layout_basic, uniq_erolcha
D:14:     layout_irregular_city, david_vaults_2, nemelex_diamond_rough_becter,
          uniq_frances
D:15:     grunt_enter_depths_hoard, layout_long_grid, nicolae_eternal_life,
          hellmonk_bongcloud_opening, xom_teletrap_fun
Temple:   nicolae_temple_x_marks_the_god
Lair:1:   layout_chaotic_city, nicolae_volcano_entry_s_turn, minivault_23,
          grunt_megastairs_3, infiniplex_staircase_pool
Lair:2:   beargit_carnivore_pack, layout_hall_layers,
          nicolae_shoals_entry_roost, serial_bayou, serial_bayou_pond_b,
          serial_bayou_pond_d, serial_bayou_crossing, serial_bayou_pond_a,
          ice2_lemuel
Lair:3:   layout_misc_corridors, nicolae_spider_entry_non_spiders,
          bobbens_dragon_lair_wall
Lair:4:   layout_cave_pods, serial_rivers, chequers_serial_rivers_micro_d,
          chequers_serial_rivers_micro_b, chequers_serial_rivers_small_b,
          chequers_serial_rivers_small_b, chequers_serial_rivers_micro_b,
          hellmonk_guarded_unrand_zhor, infiniplex_staircase_pool_2
Lair:5:   minmay_lair_end_frog_pond, layout_long_grid, slime_entry_1,
          portal_ice_cave_entry_pillars_2, uniq_snorg
Shoals:1: nicolae_shoals_island_circles, layout_shoals, serial_shops,
          nicolae_shop_trees, nicolae_shop_hallway_stairs,
          nicolae_shop_overgrown_old_shop, shop, shop_fountains
Shoals:2: layout_shoals, serial_shops, nicolae_shop_window_shopping
Shoals:3: layout_shoals, gammafunk_ghost_necromancy
Shoals:4: shoals_end_simple, layout_shoals
Spider:1: layout_spider_delve
Spider:2: layout_spider_delve, uniq_arachne, uniq_jorgrun
Spider:3: layout_spider_delve, nicolae_spider_cling_halls
Spider:4: spider_rune_water
Orc:1:    layout_diamond_mine, basic_altar, serial_shops, shop
Orc:2:    grunt_orc_gardens, layout_caves, grunt_orc_garden, grunt_orc_garden,
          grunt_orc_garden, grunt_orc_garden, uniq_donald, uniq_azrael
Elf:1:    eino_elf_arrival_shootout, layout_geoelf_octagon,
          hangedman_corner_corridor, nicolae_elf_deep_mausoleum, uniq_aizul
Elf:2:    nicolae_elf_blades_crystal_corner, layout_gridlike,
          nicolae_shop_clearance, minmay_shop_star, uniq_asterion
Elf:3:    minmay_elf_hall, layout_onion_city,
          nicolae_concentric_dashed_squares_wild
Vaults:1: ontoclasm_vaults_tryst, hangedman_vaults_stretched_pinwheel,
          hangedman_vaults_snaps, st_cross, nicolae_vaults_network_periphery,
          vaults_room_fancy_cross, vaults_room_door_ring,
          ontoclasm_vaults_misaligned, vaults_mumra_hex,
          grunt_vaults_hallway_short, layout_vaults_quadrants, serial_shops,
          nicolae_shop_statue_plus
Vaults:2: hangedman_vaults_capsules, vaults_room_hallway, ontoclasm_vaults_spin,
          vaults_mumra_minichess, vaults_dpeg_cross, vaults_room_pool,
          nicolae_vaults_back_hallway, layout_vaults_big_room
Vaults:3: infiniplex_enter_wizlab_water, v_pattern_2,
          hangedman_vaults_corner_blocks, nicolae_vaults_circle_grid_a,
          ontoclasm_vaults_fault, nicolae_vaults_network_square, v_rooms_2,
          ontoclasm_vaults_ring_square, v_rooms_1,
          hangedman_vaults_stretched_pinwheel, vaults_room_corners,
          minmay_crypt_entry_simple_walls, v_alt_pattern_5,
          nicolae_vaults_hallways_thing, nicolae_vaults_little_squares_2,
          layout_vaults_maze_bifur
Vaults:4: v_pattern_1, v_misc_16, st_lines, nicolae_vaults_triangles,
          nicolae_vaults_big_angled_halls, v_alt_pattern_6,
          ontoclasm_vaults_idyll, vaults_room_stairs_pillars,
          hangedman_vaults_hat, nicolae_vaults_twisting_passages,
          ontoclasm_vaults_misaligned, hangedman_vaults_restitches,
          layout_vaults_ring, serial_shops, nicolae_shop_trees
Vaults:5: uniq_boris, uniq_jory
Depths:1: layout_cave_shapes, minmay_splitting_lines, minmay_room_of_horrors,
          hell_entry, drop_trap, chequers_jeans, slow_altar_2
Depths:2: minmay_curly_fans, layout_cave_pools, enter_ziggurat_e, hell_entry,
          abyss_entry, elyvilon_altar_5, grunt_pan_entry_zigzag,
          argonaut_fire_from_heaven
Depths:3: minmay_the_grid_3x2 [minmay_the_grid_spikes, minmay_the_grid_eight,
          minmay_the_grid_square_x, minmay_the_grid_minigrid_small,
          minmay_the_grid_empty, minmay_the_grid_prize_trominoes],
          layout_twisted_cross, hangedman_coc_ice_floe, abyss_entry,
          serial_shops, nicolae_shop_crystal, nicolae_shop_gadgets, uniq_xtahua
Depths:4: evilmike_zot_entry_castle, layout_basic, rand_demon_pan_entry_7,
          nicolae_qazlal_scattered_showers, hangedman_geh_valley
Zot:1:    layout_gridlike
Zot:2:    layout_misc_corridors
Zot:3:    layout_basic, lemuel_elevator
Zot:4:    layout_basic
Zot:5:    layout_gridlike, bh_zot_ikea_curve, grunt_ministairs_2

Skill      XL: |  1  2  3  4  5  6  7  8  9 10 11 12 13 14 15 16 17 18 19 20 21 22 23 24 25 26 |
---------------+-------------------------------------------------------------------------------+-----
Fighting       | 3 4 5 6 7 9 10 12 13 14 15 16 17 18 19 20 | 20.0
Spellcasting   | 2 |  2.5
Fire Magic     | 4 5 |  5.0
Short Blades   | 3 4 5 7 8 10 | 10.8
Stealth        | 1 3 5 7 9 11 12 13 15 | 15.0
Armour         | 5 9 10 | 10.2
Invocations    | 5 7 9 10 12 15 16 18 20 21 | 21.6
Shields        | 3 5 6 12 14 16 | 16.0
Dodging        | 3 6 8 9 10 12 13 14 15 | 15.8
Evocations     | 1 5 6 9 11 13 14 | 14.0
Staves         | 7 12 | 12.0

Action                     |  1- 3 |  4- 6 |  7- 9 | 10-12 | 13-15 | 16-18 | 19-21 | 22-24 | 25-27 || total
---------------------------+-------+-------+-------+-------+-------+-------+-------+-------+-------++-------
  Melee: Short sword       |    78 |    26 |   224 |   509 |  1095 |   552 |       |       |       ||  2484
         Bite              |    16 |     5 |    74 |   190 |   459 |   509 |   468 |   608 |   230 ||  2559
         Punch             |     1 |       |       |    15 |     2 |       |       |       |       ||    18
         Rapier            |       |       |       |    10 |    17 |       |       |       |       ||    27
         Staff             |       |       |       |       |       |   889 |  1123 |  1140 |   443 ||  3595
  Throw: Dart              |     4 |       |       |       |     2 |    24 |    11 |     5 |     7 ||    53
   Cast: Scorch            |    18 |    32 |    40 |    53 |       |       |       |       |       ||   143
 Invoke: Fiery Armour      |     1 |     1 |     2 |     4 |       |       |       |       |       ||     8
         Foxfire Swarm     |       |       |     1 |     1 |       |       |       |       |       ||     2
         Line Pass         |       |       |       |       |    10 |     2 |       |     2 |       ||    14
         Stomp             |       |       |       |       |     3 |    12 |       |       |       ||    15
         Grand Finale      |       |       |       |       |     1 |     5 |     5 |    18 |     4 ||    33
  Evoke: Wand              |       |       |       |     8 |    10 |     6 |       |     3 |     5 ||    32
         Box of beasts     |       |       |       |       |     1 |     1 |     1 |     1 |       ||     4
         Lightning rod     |       |       |       |       |       |     7 |       |     3 |       ||    10
         Tin of tremorston |       |       |       |       |       |     2 |     5 |     8 |     5 ||    20
         Condenser vane    |       |       |       |       |       |       |       |     1 |     2 ||     3
         Phial of floods   |       |       |       |       |       |       |       |       |     1 ||     1
    Use: Scroll            |       |     7 |     4 |     9 |    17 |    20 |     6 |     8 |     6 ||    77
         Potion            |       |       |       |       |     1 |     5 |     2 |     9 |    18 ||    35
   Stab: Sleeping          |     1 |       |     5 |    17 |    26 |    46 |    70 |    26 |    25 ||   216
         Distracted        |       |       |     3 |    10 |    27 |     9 |    11 |     5 |     4 ||    69
         Paralysed         |       |       |       |     5 |    62 |    94 |   124 |   101 |    51 ||   437
         Confused          |       |       |       |       |     3 |     2 |       |     2 |       ||     7
         Invisible         |       |       |       |       |       |     5 |     1 |       |     6 ||    12
 Armour: Robe              |    18 |       |       |       |       |       |       |       |       ||    18
         Quicksilver drago |       |    26 |   117 |   203 |   381 |   671 |   250 |   288 |    88 ||  2024
         Animal skin       |       |       |       |       |    26 |       |       |       |       ||    26
  Dodge: Dodged            |    55 |    31 |    89 |   168 |   367 |   486 |   351 |   496 |   182 ||  2225
  Block: Buckler           |       |       |       |       |   103 |       |       |       |       ||   103
         Kite shield       |       |       |       |       |    14 |   987 |   569 |   646 |   179 ||  2395

Table legend: (Time is in decaauts)
 A = Elapsed time spent in this place.
 B = Non-inter-level travel time spent in this place.
 C = Inter-level travel time spent in this place.
 D = Time resting spent in this place.
 E = Time spent auto-exploring this place.
 F = Levels seen in this place.
 G = Mean time per level.
                   A        B        C        D        E       F      G
               +--------+--------+--------+--------+--------+-----+--------+
         Total |  51561 |  45289 |   6272 |   1374 |  32710 |  52 |  991.6 |
       Dungeon |  15131 |  12577 |   2554 |    406 |   9785 |  15 | 1008.7 |
        Temple |     56 |     52 |      4 |      0 |     44 |   1 |   56.0 |
          Lair |   5070 |   4201 |    869 |    149 |   2825 |   5 | 1014.0 |
        Shoals |   2968 |   2819 |    149 |     78 |   1917 |   4 |  742.0 |
   Spider Nest |   4563 |   3931 |    632 |    406 |   2211 |   4 | 1140.8 |
  Orcish Mines |   1208 |    956 |    252 |     69 |    661 |   2 |  604.0 |
   Elven Halls |   2947 |   2685 |    262 |     36 |   1914 |   3 |  982.3 |
        Vaults |   6951 |   6292 |    659 |     39 |   4421 |   5 | 1390.2 |
        Depths |   6094 |   5380 |    714 |     91 |   4264 |   4 | 1523.5 |
           Zot |   5125 |   4951 |    174 |     50 |   3991 |   5 | 1025.0 |
         Abyss |    154 |    154 |      0 |      0 |     35 |   1 |  154.0 |
      Ice Cave |    629 |    629 |      0 |     49 |    321 |   1 |  629.0 |
       Volcano |    286 |    286 |      0 |      0 |    163 |   1 |  286.0 |
        Wizlab |    373 |    373 |      0 |      0 |    157 |   1 |  373.0 |
               +--------+--------+--------+--------+--------+-----+--------+

Top non-repeatable levels by time:
Depths:1: 2705 daAuts
   Zot:4: 2491 daAuts
Vaults:5: 1671 daAuts
Depths:4: 1613 daAuts
     D:3: 1519 daAuts
Spider:4: 1511 daAuts
Vaults:3: 1394 daAuts
     D:5: 1392 daAuts
Vaults:4: 1376 daAuts
     D:9: 1359 daAuts
Vaults:1: 1312 daAuts
   Elf:3: 1216 daAuts
Vaults:2: 1196 daAuts
    D:15: 1186 daAuts
    D:12: 1173 daAuts
